 Dungeon Crawl Stone Soup version 0.28-a0-983-g1de4e0787c (webtiles) character file.

Game seed: 8766669974668752907

225 Decritt the Skirmisher (level 6, 42/57 HPs)
             Began as a Hill Orc Fighter on Dec 3, 2021.
             Quit the game on level 4 of the Dungeon.
             The game lasted 00:06:04 (2621 turns).

Decritt the Skirmisher (Hill Orc Fighter)           Turns: 2621, Time: 00:06:04

Health: 42/57      AC:  8    Str: 21    XL:     6   Next: 1%
Magic:  6/6        EV:  9    Int:  8    God:
Gold:   130        SH:  9    Dex: 10    Spells: 5/5 levels left

rFire   . . .      SeeInvis .   a - +0 war axe
rCold   . . .      Faith    .   c - +0 buckler
rNeg    . . .      Spirit   .   b - +0 scale mail
rPois   .          Reflect  +   (no helmet)
rElec   .          Harm     .   (no cloak)
rCorr   .          Rampage  .   (no gloves)
Will    .....                   k - +0 pair of boots
Stlth   ..........              g - amulet of reflection
HPRegen 0.19/turn               (no ring)
MPRegen 0.10/turn               (no ring)

@: no status effects
A: no striking features
a: no special abilities


You were on level 4 of the Dungeon.
You visited 1 branch of the dungeon, and saw 4 of its levels.

You collected 130 gold pieces.

Inventory:

Hand Weapons
 a - a +0 war axe (weapon)
 u - a +1 whip of pain
Missiles
 p - 3 boomerangs (quivered)
Armour
 b - a +0 scale mail (worn)
 c - a +0 buckler (worn)
 k - a +0 pair of boots (worn)
Jewellery
 g - an amulet of reflection (around neck)
 r - an amulet of regeneration
Wands
 n - a wand of paralysis (12)
 o - a wand of flame (12)
Scrolls
 e - a scroll of vulnerability {unknown}
 f - a scroll of enchant weapon {unknown}
 i - a scroll of silence {unknown}
 l - a scroll of teleportation {unknown}
 q - a scroll of immolation {unknown}
 s - a scroll of identify {unknown}
 v - a scroll of enchant armour {unknown}
Potions
 d - a potion of might
 h - 2 potions of resistance {unknown}
 j - a potion of mutation {unknown}
 m - a potion of lignification {unknown}
 t - a potion of berserk rage {unknown}


   Skills:
 * Level 5.6 Fighting
 + Level 4.2 Axes
 + Level 4.3 Armour
 + Level 4.3 Shields


You had 5 spell levels left.
You didn't know any spells.
Your spell library was empty.

Dungeon Overview and Level Annotations

Branches:
Dungeon (4/15)
 Temple: D:4-7

Altars:
Elyvilon

Shops:
D:1 (


Message History

* * * LOW HITPOINT WARNING * * *
The jelly is almost dead.
You block the jelly's attack.
You barely miss the jelly.
The jelly is almost dead.
You block the jelly's attack.
You hit the jelly.
You kill the jelly!
You have reached level 6!
You start resting.
You are no longer corroded.
You start resting.
HP restored.
Okay, then.
a - a +0 war axe (weapon)
An orc comes into view. It is wielding a +0 short sword.
The orc shouts!
You hear a shout!
There is a stone staircase leading down here.
An orc wizard comes into view. It is wielding a +0 dagger.
The orc wizard shouts!
You hear a shout! x2
A kobold, an orc and an orc priest come into view.
The kobold shouts!
The orc priest threatens, "By the altar or by the axe, you will meet Beogh!" (press Y on the ability menu to convert to Beogh)
The orc priest shouts!
The orc shouts!
The orc wizard points at you and mumbles some strange words.
The puff of flame hits you.
The orc priest invokes the aid of Beogh against you.
Beogh smites you!
You bow before the missionary of Beogh.
The orc wizard mumbles some strange words.
The orc wizard flickers and vanishes!
Deactivating autopickup; reactivate with Ctrl-A.
You block the orc's attack.
Sorry, you're not good enough to have a special ability.
Unknown command.
You are not religious.
Sorry, you're not good enough to have a special ability.
Sorry, you're not good enough to have a special ability.
Are you sure you want to abandon this character and quit the game? (Confirm with "yes".)

#.......##...###.###.#
##....######## #.# #.#
+.......## #.###'#####
#....##..# #.........#
#....###.## #.........# #....#
#..# #.........#
......####.#####.........#
.....................#####
......#####.####@##.....######
#...............o...........(#
......###.###.##...#.####.#
..... #..##K##........# ....
##.##.##..##.##.# ...
#.##.##........# ..
#.##.###.......# . #..#.#
####.#.## ##.#.# #. #.#...


You could see an orc and a kobold.

Vanquished Creatures
  A centaur (D:2)
  A jelly (D:4)
  A hound skeleton (D:4)
  3 adders
  2 worms (D:2)
  An orc (D:3)
  7 ball pythons
  8 endoplasms
  2 giant cockroaches
  5 goblins
  6 hobgoblins
  13 jackals
  A quokka (D:1)
  4 bats
  2 frilled lizards (D:2)
  4 kobolds
  3 rats
64 creatures vanquished.

Vanquished Creatures (others)
  A withered plant (D:3)
1 creature vanquished.

Grand Total: 65 creatures vanquished

Notes
Turn   | Place    | Note
-------+----------+-------------------------------------------
     0 | D:1      | Decritt the Hill Orc Fighter began the quest for the Orb.
     0 | D:1      | Reached XP level 1. HP: 19/19 MP: 1/1
   173 | D:1      | Reached XP level 2. HP: 27/27 MP: 2/2
   177 | D:1      | Reached skill level 4 in Fighting
   481 | D:1      | Reached XP level 3. HP: 33/33 MP: 3/3
   499 | D:1      | Found Giycvid's Weapon Boutique.
  1297 | D:2      | Reached XP level 4. HP: 35/41 MP: 4/4
  1645 | D:3      | Noticed a centaur
  1654 | D:2      | Killed a centaur
  1655 | D:2      | Reached skill level 5 in Fighting
  1655 | D:2      | Reached XP level 5. HP: 43/48 MP: 5/5
  1906 | D:3      | Found a faded altar of an unknown god.
  2170 | D:3      | Found a white marble altar of Elyvilon.
  2455 | D:4      | Reached XP level 6. HP: 29/57 MP: 6/6
  2621 | D:4      | Quit the game

Illustrated notes

Levels and vault maps discovered:
D:1:      minmay_arrival_radiant_lines, layout_basic, serial_shops, shop
D:2:      layout_rooms
D:3:      layout_rooms, mainiacjoe_overflow_alcove_1,
          ebering_ecumenical_altar_petrified
D:4:      layout_basic

Skill      XL: |  1  2  3  4  5 |
---------------+----------------+-----
Fighting       | 4 5 |  5.6
Axes           | 3 4 |  4.2
Armour         | 4 |  4.3
Shields        | 4 |  4.3

Action                   |  1- 3 |  4- 6 || total
-------------------------+-------+-------++-------
Melee: War axe           |   116 |    60 ||   176
       Whip              |       |    21 ||    21
Throw: Boomerang         |       |     1 ||     1
Armor: Scale mail        |    72 |    39 ||   111
Dodge: Dodged            |    74 |    17 ||    91
Block: Buckler           |    60 |    38 ||    98

Table legend: (Time is in decaauts)
 A = Elapsed time spent in this place.
 B = Non-inter-level travel time spent in this place.
 C = Inter-level travel time spent in this place.
 D = Time resting spent in this place.
 E = Time spent auto-exploring this place.
 F = Levels seen in this place.
 G = Mean time per level.
                   A        B        C        D        E       F      G
               +--------+--------+--------+--------+--------+-----+--------+
         Total |   2680 |   2629 |     51 |    302 |   1825 |   4 |  670.0 |
       Dungeon |   2680 |   2629 |     51 |    302 |   1825 |   4 |  670.0 |
               +--------+--------+--------+--------+--------+-----+--------+

Top non-repeatable levels by time:
     D:1: 964 daAuts
     D:2: 870 daAuts
     D:3: 473 daAuts
     D:4: 371 daAuts
